 Dungeon Crawl Stone Soup version 0.29-a0-825-g72347fce65 (webtiles) character file.

Game seed: 4828057201734604714

405740 Dritkant the Phalangite (level 23, -14/141 HPs)
             Began as a Gargoyle Monk on July 11, 2022.
             Was the Champion of Hepliaklqana.
             Killed from afar by an ancient lich (59 damage)
             ... with a crystal spear
             ... on level 5 of the Vaults.
             The game lasted 02:53:42 (61480 turns).

Dritkant the Phalangite (Gargoyle Monk)            Turns: 61480, Time: 02:53:48

Health: -14/141    AC: 53    Str: 27    XL:     23   Next: 40%
Magic:  0/50       EV: 11    Int: 17    God:    Hepliaklqana [******]
Gold:   1727       SH:  0    Dex: 18    Spells: 22/22 levels left

rFire   + + +      SeeInvis +   b - +4 arbalest of the Empty Page {venom, rCorr Dex+3 SInv}
rCold   + + +      Faith    .   (shield currently unavailable)
rNeg    + + +      Spirit   +   G - +8 gold dragon scales
rPois   ∞          Reflect  .   P - +3 hat of Pondering {ponderous, Will+ MP+10 Int+5}
rElec   +          Harm     .   p - +1 cloak {Will+}
rCorr   +          Rampage  .   f - +2 pair of gloves
Will    ++++.                   F - -1 pair of boots of Ignis's Anger {rN+}
Stlth   ..........              C - amulet of guardian spirit
HPRegen 0.33/turn               i - ring of Life {rF+ rN+ Will+ rCorr MP+9}
MPRegen 0.32/turn               x - ring of Moral Flaws {rF+ rC++ rN+ Str+10 Dex-5}

@: flying, slow
A: reduced essence, sickness immunity, AC +17, big wings, negative energy
resistance 1, electricity resistance, torment resistance 1, petrification
resistance
}: 2/15 runes: decaying, serpentine
a: Renounce Religion, Recall Ancestor, Ancestor Identity, Transference, Idealise


You were on level 5 of the Vaults.
You worshipped Hepliaklqana.
Hepliaklqana was exalted by your worship.
You visited 9 branches of the dungeon, and saw 41 of its levels.
You also visited: Bailey and Ice Cave.

You collected 5560 gold pieces.
You spent 3833 gold pieces at shops.

Inventory:

Hand Weapons
 a - a +0 vorpal bardiche
 b - the +4 arbalest of the Empty Page (weapon) {venom, rCorr Dex+3 SInv}
   (You found it on level 1 of the Vaults)

   Any ammunition fired from it poisons the flesh of those it strikes.
   Dex:       It affects your dexterity (+3).
   SInv:      It lets you see invisible.
   rCorr:     It protects you from acid and corrosion.
 m - a +1 executioner's axe of flaming
 n - a +2 demon trident of venom
 L - a +0 triple crossbow
Missiles
 s - a throwing net
 J - 12 curare-tipped darts
Armour
 f - a +2 pair of gloves (worn)
 g - a +0 helmet of see invisible
 p - a +1 cloak of willpower (worn)
 F - the -1 pair of boots of Ignis's Anger (worn) {rN+}
   (You bought it in a shop on level 2 of the Orcish Mines)

   rN:        It protects you from negative energy.
 G - +8 gold dragon scales (worn)
 P - the +3 hat of Pondering (worn) {ponderous, Will+ MP+10 Int+5}
   (You took it off Gastronok on level 10 of the Dungeon)

   Int:       It affects your intelligence (+5).
   MP:        It affects your magic capacity (+10).
   Will:      It increases your willpower.
Jewellery
 e - a ring of see invisible
 i - the ring of Life (left hand) {rF+ rN+ Will+ rCorr MP+9}
   (You bought it in a shop on level 4 of the Snake Pit)

   [ring of magical power]

   rF:        It protects you from fire.
   rN:        It protects you from negative energy.
   MP:        It affects your magic capacity (+9).
   rCorr:     It protects you from acid and corrosion.
   Will:      It increases your willpower.
 x - the ring of Moral Flaws (right hand) {rF+ rC++ rN+ Str+10 Dex-5}
   (You acquired it on level 3 of the Elven Halls)

   [ring of positive energy]

   Str:       It affects your strength (+10).
   Dex:       It affects your dexterity (-5).
   rF:        It protects you from fire.
   rC:        It greatly protects you from cold.
   rN:        It protects you from negative energy.
 z - an amulet of regeneration
 C - an amulet of guardian spirit (around neck)
Wands
 l - a wand of acid (11)
 E - a wand of mindburst (6)
 Q - a wand of iceblast (9)
 Y - a wand of digging (18)
Scrolls
 d - 12 scrolls of fog
 y - 10 scrolls of blinking
 H - 3 scrolls of magic mapping
 K - 9 scrolls of enchant weapon
 M - 4 scrolls of immolation
 N - 2 scrolls of summoning
 O - 7 scrolls of teleportation
 R - 6 scrolls of poison
 S - 5 scrolls of amnesia
 U - 6 scrolls of fear
 X - a scroll of silence
 Z - a scroll of brand weapon
Potions
 c - 5 potions of ambrosia
 j - 3 potions of cancellation
 o - 5 potions of invisibility
 q - 7 potions of magic
 v - a potion of resistance
 w - 13 potions of curing
 A - 8 potions of heal wounds
 B - 4 potions of haste
 D - 9 potions of might
 I - 5 potions of mutation
Miscellaneous
 V - a condenser vane


   Skills:
 + Level 20.2 Fighting
 * Level 22.1 Polearms
 + Level 18.7 Ranged Weapons
 + Level 11.9 Armour
 + Level 13.0 Dodging
 - Level 2.1 Stealth
 + Level 11.9 Invocations
 - Level 12.0 Evocations


You had 22 spell levels left.
You didn't know any spells.
Your spell library contained the following spells:

 Spells                   Type           Power      Damage    Failure   Level
 Beastly Appendage        Tmut           0%         N/A       100%        1
 Magic Dart               Conj           0%         1d3       100%        1
 Blink                    Tloc           0%         N/A       100%        2
 Ensorcelled Hibernation  Hex/Ice        0%         N/A       100%        2
 Static Discharge         Conj/Air       0%         3-3/arc   100%        2
 Wereblood                Tmut           0%         N/A       100%        2
 Conjure Flame            Conj/Fire      0%         6-21      100%        3
 Dazzling Flash           Conj/Hex       0%         N/A       100%        3
 Gell's Gravitas          Tloc           0%         N/A       100%        3
 Ignite Poison            Fire/Tmut/Pois 0%         N/A       100%        3
 Lesser Beckoning         Tloc           0%         N/A       100%        3
 Ozocubu's Armour         Ice            0%         N/A       100%        3
 Portal Projectile        Hex/Tloc       0%         N/A       100%        3
 Spider Form              Tmut/Pois      0%         N/A       100%        3
 Teleport Other           Tloc           0%         N/A       100%        3
 Tukima's Dance           Hex            0%         N/A       100%        3
 Iskenderun's Mystic Bla  Conj/Tloc      0%         2d3       100%        4
 Olgreb's Toxic Radiance  Pois           0%         N/A       100%        4
 Petrify                  Tmut/Erth      0%         N/A       100%        4
 Sticky Flame             Conj/Fire      0%         2d3       100%        4
 Summon Ice Beast         Ice/Summ       0%         N/A       100%        4
 Summon Lightning Spire   Summ/Air       0%         N/A       100%        4
 Blade Hands              Tmut           0%         N/A       100%        5
 Lightning Bolt           Conj/Air       0%         1d11      100%        5
 Manifold Assault         Tloc           0%         N/A       100%        5
 Metabolic Englaciation   Hex/Ice        0%         N/A       100%        5
 Dispersal                Tloc           0%         N/A       100%        6
 Starburst                Conj/Fire      0%         6d3       100%        6
 Haunt                    Necr/Summ      0%         N/A       100%        7
 Ozocubu's Refrigeration  Ice            0%         4d5       100%        7
 Storm Form               Tmut/Air       0%         N/A       100%        7
 Ignition                 Fire           0%         3d3       100%        8
 Maxwell's Capacitive Co  Air            0%         ∞         100%        8
 Summon Horrible Things   Summ           0%         N/A       100%        8
 Statue Form              Tmut/Erth      Unusable   N/A       N/A         6

Dungeon Overview and Level Annotations

Branches:
Dungeon (15/15)            Temple (1/1) D:6            Lair (6/6) D:9
  Swamp (4/4) Lair:2        Snake (4/4) Lair:2        Slime (1/5) Lair:6
    Orc (2/2) D:10            Elf (3/3) Orc:2        Vaults (5/5) D:13
  Crypt (0/3) Vaults:3     Depths (0/4) D:15         Bailey (visited)
  IceCv (visited)

Altars:
Ashenzari
Cheibriados
Dithmenos
Elyvilon
Fedhas
Gozag
Hepliaklqana
Kikubaaqudgha
Makhleb
Nemelex Xobeh
Okawaru
Qazlal
Ru
Sif Muna
Trog
Uskayaw
Vehumet
Wu Jian
Xom
Yredelemnul
Zin
The Shining One
Jiyva

Shops:
D:3 (   D:5 *   D:13 :*[**   Orc:2 [?:([   Elf:1 !   Elf:3 *   Snake:2 =((
Snake:3 ?(   Snake:4 ::=   Vaults:3 !

Annotations:
D:9 3 runed translucent doors, night's ghost, journeyman FoHu
Swamp:1 1 runed translucent door, Ankualit's ghost, adept NaBe


Innate Abilities, Weirdness & Mutations

Your life essence is reduced to manifest your ancestor. (-10% HP)
You are immune to sickness and miasma.
Your stone body is resilient. (AC +17)
You are immune to poison.
Your large and strong wings let you fly.
You resist negative energy. (rN+)
You are resistant to electric shocks. (rElec)
You are resistant to unholy torment.
You are immune to petrification.


Message History

Fire: b) +4 arbalest of the Empty Page {venom, rCorr Dex+3 SInv}
Press: ? - help, Q - select action, (/) - cycle Shift-Dir - straight line, f/p - purple very ugly thing
Aim: a purple very ugly thing (severely wounded, ally target, 76% to hit)
You shoot a bolt. Kendra avoids your attack.
The bolt hits the purple very ugly thing.
The purple very ugly thing is poisoned.
The purple very ugly thing is severely wounded.
The orb spider changes into a dream sheep!
The culicivora changes into a swamp dragon!
Kendra hits the purple very ugly thing with a +0 broad axe of flaming!
Kendra burns the purple very ugly thing.
The purple very ugly thing trunk-slaps Kendra.
Kendra barely misses the purple very ugly thing.
Fire: b) +4 arbalest of the Empty Page {venom, rCorr Dex+3 SInv}
Press: ? - help, Q - select action, (/) - cycle Shift-Dir - straight line, f/p - purple very ugly thing
Aim: a purple very ugly thing (almost dead, very poisoned, ally target, 76% to hit)
You shoot a bolt. Kendra avoids your attack.
The bolt barely misses the purple very ugly thing.
The dream sheep changes into a floating eye!
Kendra hits the purple very ugly thing with a +0 broad axe of flaming!
Kendra burns the purple very ugly thing.
The purple very ugly thing dies!
The swamp dragon breathes poison at you.
Kendra hits the ancient lich but does no damage.
The ancient lich is engulfed in blazing flames.
You hear a howl!
The swamp dragon changes into a death drake!
The ancient lich gestures wildly while chanting.
The ancient lich seems to speed up.
Fire: b) +4 arbalest of the Empty Page {venom, rCorr Dex+3 SInv}
Press: ? - help, Q - select action, (/) - cycle Shift-Dir - straight line, f - ancient lich
Aim: an ancient lich (poison gas, lightly damaged, fast, ally target, 76% to hit)
You shoot a bolt.
The bolt closely misses the ancient lich.
Kendra avoids your attack.
The death drake changes into a swamp worm!
Kendra barely misses the ancient lich.
The ancient lich points at you and mumbles some strange words.
The crystal spear hits you!!!!
You die...

....G[<<)[[.......
...w)<[[<.[[......
..°☼○<<([[.......
#.☼°☼○[[..#######
..○R..).....
##○L....#....
#○#....#.....#
#☼#....#.....#
#@#....#....## #○#
#○# #.# #.# #.#
#.# #.#


You could see the friendly Kendra the knight (fast), an ancient lich (fast, ally
target) and a swamp worm shaped shifter.

Vanquished Creatures
  Saint Roka (Elf:2)
  Nikola (Snake:2)
  A golden dragon (Vaults:4)
  Jorgrun (D:12)
  A titan (Vaults:5)
  Asterion (Snake:2)
  2 tentacled monstrosities
  A deep elf master archer (Elf:3)
  An ancient champion (Vaults:3)
  2 sphinxes
  Gastronok (D:10)
  3 thorn hunters
  Roxanne (Snake:4)
  Donald (Swamp:1)
  A fire giant (Vaults:3)
  A rockslime (IceCv)
  5 nagarajas
  An azure jelly (IceCv)
  A frost giant (Vaults:5)
  9 vault wardens
  4 deep elf sorcerers
  4 orc warlords
  5 quicksilver oozes (IceCv)
  9 ironbound preservers
  3 war gargoyles
  A deep elf elementalist (Elf:3)
  3 very ugly things
  2 stone giants
  2 eleionomae
  2 deep elf demonologists (Elf:3)
  4 deep elf annihilators (Elf:3)
  4 dire elephants
  An entropy weaver (Vaults:4)
  9 bunyips
  Snorg (D:11)
  An ettin (Vaults:2)
  An eidolon (Vaults:3)
  3 crystal guardians
  3 deep elf death magi (Elf:3)
  4 deep elf high priests (Elf:3)
  3 great orbs of eyes
  5 yaktaur captains
  31 vault guards
  3 boulder beetles
  Erolcha (Orc:2)
  4 peacekeepers
  A ghost crab (Swamp:1)
  A salamander tyrant (Snake:4)
  6 hydras
  4 centaur warriors
  A catoblepas (Lair:6)
  3 ironbound frosthearts
  6 two-headed ogres
  5 anacondas
  17 naga warriors
  Erica (D:8)
  21 dancing weapons
  3 alligators
  11 death yaks
  9 naga sharpshooters
  2 tengu warriors
  3 orc high priests
  3 shock serpents (Snake:4)
  A soul eater (Vaults:3)
  3 hell knights (Vaults:3)
  2 goliath frogs
  7 deep elf knights (Elf:2)
  3 sea snakes (Snake:3)
  3 skeletal warriors
  2 salamander mystics (Snake:4)
  4 spriggan druids
  23 deep trolls
  9 naga ritualists
  A glowing orange brain (Vaults:2)
  4 orange crystal statues
  4 wizards
  A lindwurm (shapeshifter) (Vaults:4)
  A swamp dragon (Swamp:4)
  9 ironbound convokers
  A necromancer (D:15)
  8 deep elf archers
  5 mana vipers (Snake:1)
  15 orc knights
  3 lindwurms
  15 deep elf pyromancers
  2 orc sorcerers
  13 deep elf zephyrmancers
  2 oklob plants
  9 salamanders
  17 ugly things
  4 cyclopes
  A will-o-the-wisp (Swamp:2)
  3 manticores
  13 elephants
  A centaur zombie (D:14)
  11 naga magi
  23 black mambas
  A torpor snail (Lair:5)
  3 guardian serpents
  A cane toad (shapeshifter) (Elf:1)
  8 vault sentinels
  Psyche (D:11)
  An unseen horror (shapeshifter) (Vaults:5)
  2 gargoyles (D:13)
  5 cane toads
  21 yaktaurs
  A kobold demonologist (D:12)
  2 unseen horror zombies (D:9)
  An unseen horror (D:12)
  4 komodo dragons
  4 efreet
  2 rime drakes
  A very ugly thing simulacrum (IceCv)
  2 entropy weaver simulacra (IceCv)
  5 tyrant leeches
  3 bloated husks
  4 hornets
  8 trolls
  2 meliai (D:14)
  20 slime creatures
  6 blink frogs
  3 dream sheep (Lair:6)
  A jumping spider (Vaults:4)
  A shadow (D:14)
  4 water elementals
  A wraith (D:11)
  4 wyverns
  45 yaks
  5 spriggans
  4 steam dragons
  6 fire elementals
  A redback (shapeshifter) (Vaults:5)
  3 basilisks
  2 redbacks (Vaults:4)
  43 nagas
  13 vampire mosquitoes
  A warg (Orc:1)
  2 demonic crawler simulacra (IceCv)
  6 swamp worms
  11 water moccasins
  2 ice beasts
  6 swamp drakes
  3 sky beasts
  37 orc warriors
  4 ugly thing simulacra (IceCv)
  A black bear (D:6)
  17 wolves
  3 boggarts (Vaults:4)
  4 ogres
  6 centaurs
  3 kobold brigands
  5 bullfrogs
  A necrophage (D:5)
  6 scorpions
  6 earth elementals
  9 wights
  16 killer bees
  A lava snake (Elf:3)
  2 howler monkeys (D:9)
  2 hounds
  2 gnoll boudas
  21 orc priests
  Terence (D:2)
  5 hell rats (Lair:4)
  23 orc wizards
  12 human skeletons (Vaults:4)
  A boggart simulacrum (D:15)
  Robin (D:2)
  10 adders
  7 gnolls
  A white imp (D:8)
  3 ufetubi
  A worm (D:4)
  2 dart slugs
  61 orcs
  5 endoplasms
  4 giant cockroaches
  23 goblins
  13 hobgoblins
  4 jackals (D:5)
  31 kobolds
  6 quokkas
  2 ball pythons
  4 bats
  3 frilled lizards
  4 rats
  A bush (Lair:6)
1118 creatures vanquished.

Vanquished Creatures (collateral kills)
  An ancient lich (Vaults:5)
  Frederick (Vaults:4)
  Margery (Vaults:3)
  Rupert (D:13)
  Zenata (Elf:2)
  2 deep elf blademasters
  A sphinx (Vaults:5)
  2 thorn hunters
  A nagaraja (Snake:3)
  2 azure jellies (IceCv)
  An orc warlord (Vaults:2)
  6 vault wardens
  A deep elf elementalist (Elf:3)
  Aizul (Snake:2)
  2 deep elf sorcerers
  7 very ugly things
  7 ironbound preservers
  An ironbound thunderhulk (Vaults:3)
  3 eleionomae
  Azrael (Elf:1)
  4 dire elephants
  4 deep elf demonologists (Elf:3)
  4 bunyips
  4 deep elf annihilators (Elf:3)
  2 crystal guardians (Vaults:3)
  An ettin (D:15)
  4 yaktaur captains
  A shambling mangrove (Swamp:2)
  4 vault guards
  A rakshasa (D:13)
  2 ghost crabs
  2 great orbs of eyes
  7 hydras
  2 peacekeepers (Vaults:3)
  5 centaur warriors
  6 ironbound frosthearts
  5 catoblepae
  5 naga warriors
  14 dancing weapons
  A two-headed ogre (Vaults:4)
  5 death yaks
  5 anacondas
  2 alligators (Swamp:1)
  2 tengu warriors (D:15)
  Urug (D:11)
  5 naga sharpshooters
  2 shock serpents (Snake:2)
  4 spriggans
  2 hell knights (Vaults:3)
  Nergalle (D:11)
  7 deep elf knights
  3 skeletal warriors (D:12)
  A spriggan druid (Swamp:4)
  15 deep trolls
  5 wizards
  A phantasmal warrior (Vaults:4)
  6 swamp dragons
  A bog body (Lair:2)
  10 deep elf zephyrmancers
  2 necromancers (Vaults:3)
  4 ironbound convokers
  4 harpies (Vaults:1)
  6 orc knights
  5 naga ritualists
  A deep elf archer (Elf:1)
  5 lindwurms
  19 ugly things
  6 mana vipers
  11 deep elf pyromancers
  3 will-o-the-wisps
  5 salamanders
  3 orc sorcerers
  4 manticores
  A cyclops (D:14)
  A guardian serpent (Snake:2)
  2 ice statues (Snake:4)
  A centaur zombie (D:14)
  5 vault sentinels
  12 naga magi
  15 black mambas
  A gargoyle (D:12)
  3 elephants
  4 komodo dragons
  6 cane toads
  16 yaktaurs
  A kobold demonologist (D:10)
  A redback zombie (D:14)
  2 freezing wraiths
  A tengu conjurer (D:15)
  2 very ugly thing simulacra (IceCv)
  A meliai (D:14)
  4 tyrant leeches
  A blink frog (Lair:5)
  5 hornets
  3 trolls
  3 dream sheep (Lair:6)
  22 slime creatures
  A wraith (D:14)
  19 yaks
  A water elemental (D:15)
  A wyvern (Lair:4)
  2 fire elementals
  A basilisk (Lair:3)
  7 vampire mosquitoes
  10 swamp worms
  2 wargs
  An acid dragon (D:13)
  24 nagas
  3 hell hounds (Elf:1)
  7 water moccasins
  17 orc warriors
  A hornet zombie (D:14)
  An ugly thing simulacrum (IceCv)
  3 ogres
  2 boggarts (Vaults:4)
  4 centaurs
  3 wolves
  4 bullfrogs
  2 killer bees (D:9)
  A howler monkey (D:13)
  A lava snake (Elf:3)
  9 orc priests
  A gnoll bouda (Orc:2)
  11 orc wizards
  2 hell rats (Lair:4)
  6 gnolls (Orc:2)
  37 orcs
574 creatures vanquished.

Vanquished Creatures (others)
  A deep elf master archer (Elf:3)
  A vault warden (Vaults:4)
  A deep elf death mage (Elf:3)
  2 yaktaur captains (Vaults:1)
  A centaur warrior (Vaults:3)
  An alligator (Swamp:2)
  A deep elf knight (Elf:2)
  A bog body (Swamp:2)
  A mana viper (Snake:1)
  A deep elf pyromancer (Elf:3)
  7 yaktaurs
  A bloated husk (Swamp:2)
  An orc warrior (Elf:2)
  42 knights
  An orc wizard (Orc:1)
  An orc (Orc:1)
  A quokka (D:14)
  3 demonic plants (D:2)
  19 foxfires
  36 fungi
  65 plants
  A withered plant (D:2)
189 creatures vanquished.

Grand Total: 1881 creatures vanquished

Notes
Turn   | Place    | Note
-------+----------+-------------------------------------------
     0 | D:1      | Dritkant the Gargoyle Monk began the quest for the Orb.
     0 | D:1      | Reached XP level 1. HP: 14/14 MP: 1/1
   769 | D:1      | Reached XP level 2. HP: 6/19 MP: 2/2
  1103 | D:1      | Reached skill level 3 in Polearms
  1369 | D:2      | Found a faded altar of an unknown god.
  1420 | D:2      | Noticed Terence
  1429 | D:2      | Killed Terence
  1430 | D:2      | Reached skill level 1 in Armour
  1430 | D:2      | Reached XP level 3. HP: 19/24 MP: 3/3
  1993 | D:2      | Reached XP level 4. HP: 25/29 MP: 4/4
  2003 | D:2      | Noticed Robin
  2019 | D:2      | Killed Robin
  2822 | D:3      | Found a broken altar of Ashenzari.
  2885 | D:3      | Reached XP level 5. HP: 33/33 MP: 5/5
  2952 | D:3      | Found a radiant altar of Vehumet.
  3133 | D:3      | Found Guashric's Weapon Shop.
  3323 | D:3      | Found a shimmering blue altar of Sif Muna.
  3597 | D:3      | Noticed an ogre
  3609 | D:3      | Killed an ogre
  3610 | D:3      | Reached skill level 4 in Polearms
  3610 | D:3      | Reached XP level 6. HP: 16/39 MP: 6/6
  4985 | D:4      | Reached XP level 7. HP: 44/44 MP: 7/7
  5308 | D:5      | Entered Level 5 of the Dungeon
  5315 | D:5      | Reached skill level 5 in Polearms
  5393 | D:5      | Found Poghaz's General Store.
  5424 | D:5      | Reached skill level 5 in Fighting
  5609 | D:5      | Reached XP level 8. HP: 50/50 MP: 8/8
  5816 | D:5      | Reached skill level 6 in Polearms
  5948 | D:5      | Found a hazy altar of Hepliaklqana.
  6270 | D:6      | Found a bloodstained altar of Trog.
  6314 | D:6      | Found a staircase to the Ecumenical Temple.
  6320 | Temple   | Entered the Ecumenical Temple
  6713 | D:6      | Reached skill level 5 in Armour
  7282 | D:7      | Found a flagged portal.
  7295 | D:7      | Reached skill level 7 in Polearms
  7295 | D:7      | Reached skill level 1 in Evocations
  7295 | D:7      | Reached XP level 9. HP: 52/56 MP: 9/9
  7295 | D:7      | Identified the +12 hand axe of Wyrd {vorpal, Str+2 Int+3}
  7299 | Bailey   | Entered a bailey
  7305 | Bailey   | Noticed an orc warlord
  7630 | Bailey   | Found a runed translucent gate.
  7632 | Bailey   | Found a runed translucent gate.
  7633 | Bailey   | Found a runed translucent gate.
  7728 | Bailey   | Killed an orc warlord
  7729 | Bailey   | Reached skill level 5 in Dodging
  7957 | D:7      | Acquired a +0 vorpal bardiche
  7994 | D:7      | Reached skill level 8 in Polearms
  8257 | D:7      | Found a white marble altar of Elyvilon.
  8257 | D:7      | Found a glowing golden altar of the Shining One.
  8258 | D:7      | Found a glowing silver altar of Zin.
  8447 | D:6      | Reached XP level 10. HP: 52/63 MP: 7/10
  8894 | D:7      | Noticed a two-headed ogre
  8894 | D:7      | Noticed a two-headed ogre
  8902 | D:7      | Killed a two-headed ogre
  8915 | D:7      | Killed a two-headed ogre
  8927 | D:7      | HP: 3/64 [spriggan/+0 short sword (9)]
  9305 | D:7      | Found the +12 pair of quick blades "Gyre" and "Gimble"
                  | {protect}
  9388 | D:8      | Noticed Erica
  9739 | D:7      | Reached skill level 9 in Polearms
  9821 | D:8      | Noticed a two-headed ogre
 10424 | D:8      | Killed a two-headed ogre
 10584 | D:8      | Killed Erica
 10585 | D:8      | Reached XP level 11. HP: 68/68 MP: 11/11
 10703 | D:8      | Found an ancient bone altar of Kikubaaqudgha.
 11642 | D:9      | Found a staircase to the Lair.
 11791 | D:9      | Found a sacrificial altar of Ru.
 11849 | D:9      | Reached skill level 10 in Polearms
 12073 | D:5      | Became a worshipper of Hepliaklqana the Forgotten
 12073 | D:5      | Reached * piety under Hepliaklqana
 12073 | D:5      | Reached ** piety under Hepliaklqana
 12080 | D:5      | Remembered your ancestor Kendra as a knight
 12225 | D:9      | Found a runed translucent gate.
 12237 | D:9      | Found a runed translucent gate.
 12237 | D:9      | Noticed night's ghost (journeyman FoHu)
 12238 | D:9      | Found a runed translucent gate.
 12239 | D:9      | Found a basalt altar of Yredelemnul.
 12248 | D:9      | Reached skill level 5 in Evocations
 12335 | D:9      | Reached skill level 1 in Invocations
 12634 | D:10     | Entered Level 10 of the Dungeon
 12667 | D:10     | Found an ornate altar of the Wu Jian Council.
 12785 | D:10     | Found a stormy altar of Qazlal.
 12815 | D:10     | You fall into a shaft and drop 3 floors!
 12815 | D:13     | Found Vosigh's Assorted Antiques.
 12818 | D:13     | Bought a scroll of identify for 66 gold pieces
 12818 | D:13     | Bought a scroll of enchant armour for 247 gold pieces
 12819 | D:13     | Noticed a centaur warrior
 12911 | D:11     | Noticed a manticore
 13244 | D:10     | Noticed Gastronok
 13256 | D:10     | Killed Gastronok
 13419 | D:10     | Found a staircase to the Orcish Mines.
 13532 | D:11     | Killed a manticore
 13676 | D:11     | Noticed Nergalle
 13684 | D:11     | Killed Nergalle
 13715 | D:11     | Noticed Snorg
 13726 | D:11     | Killed Snorg
 13727 | D:11     | Reached XP level 12. HP: 68/68 MP: 14/14
 13727 | D:11     | Noticed Urug
 13779 | D:11     | Killed Urug
 13805 | D:11     | Reached skill level 11 in Polearms
 13969 | D:11     | Noticed Psyche
 13976 | D:11     | Killed Psyche
 14144 | D:11     | Identified the +6 long sword "Pias" {vamp, rElec rF+++ SInv
                  | Stlth-}
 14285 | D:11     | Reached *** piety under Hepliaklqana
 14410 | Lair:1   | Entered Level 1 of the Lair of Beasts
 14677 | Lair:1   | Identified the +2 robe "Sanu" {rN+ Stlth+}
 14761 | Lair:1   | Acquired a manual of Polearms
 15341 | Lair:2   | Found a staircase to the Snake Pit.
 15410 | Lair:2   | Reached skill level 10 in Fighting
 15520 | Lair:2   | Identified the +4 quarterstaff of the Imbibing Messenger
                  | {vorpal, *Slow rElec SInv}
 15661 | Lair:2   | Reached skill level 12 in Polearms
 15661 | Lair:2   | Reached skill level 5 in Invocations
 15662 | Lair:2   | Identified the +10 hand axe of the Coward {vorpal, Int+4
                  | Dex+4}
 15865 | Lair:2   | Found a staircase to the Swamp.
 15872 | Lair:2   | Reached XP level 13. HP: 48/73 MP: 16/16
 15992 | Lair:2   | Reached **** piety under Hepliaklqana
 17423 | Lair:4   | Reached skill level 13 in Polearms
 17499 | Lair:4   | Reached skill level 10 in Armour
 18652 | Lair:5   | Reached skill level 14 in Polearms
 19068 | Lair:5   | Gained mutation: Your large and strong wings let you fly.
                  | [Gargoyle growth]
 19068 | Lair:5   | Reached XP level 14. HP: 74/81 MP: 19/19
 19081 | Lair:5   | Reached ***** piety under Hepliaklqana
 19124 | Lair:5   | Found a glowing golden altar of the Shining One.
 19465 | Lair:6   | Entered Level 6 of the Lair of Beasts
 19901 | Lair:6   | Reached skill level 15 in Polearms
 20607 | Lair:6   | Found a viscous altar of Jiyva.
 20608 | Lair:6   | Found a staircase to the Slime Pits.
 21182 | Lair:6   | Reached skill level 16 in Polearms
 22617 | D:12     | Reached XP level 15. HP: 71/86 MP: 21/21
 23222 | D:12     | Noticed Jorgrun
 23229 | D:12     | Killed Jorgrun
 23230 | D:12     | Reached skill level 17 in Polearms
 23736 | D:13     | Found Naocayno's General Store.
 23841 | D:13     | Bought a condenser vane for 560 gold pieces
 23864 | D:13     | Noticed Rupert
 23919 | D:13     | Killed Rupert
 23936 | D:13     | Found Neqathri's Antique Armour Shop.
 23958 | D:13     | Bought a pair of fine gloves for 342 gold pieces
 23958 | D:13     | Identified the +1 pair of gloves of Lust {Stlth+} (You
                  | bought it in a shop on level 13 of the Dungeon)
 23958 | D:13     | Bought a runed scarf for 288 gold pieces
 24334 | D:13     | Reached skill level 1 in Ranged Weapons
 24640 | D:13     | Found Siell's Assorted Antiques.
 24648 | D:13     | Bought a brightly glowing diamond amulet for 145 gold
                  | pieces
 24648 | D:13     | Identified the amulet of Kafeves {Acrobat rElec Str+3
                  | Stlth+} (You bought it in a shop on level 13 of the
                  | Dungeon)
 24648 | D:13     | Bought a scroll of magic mapping for 101 gold pieces
 24648 | D:13     | Bought a scroll of identify for 58 gold pieces
 24652 | D:13     | Reached ****** piety under Hepliaklqana
 24968 | D:13     | Found Utaevem's Book Boutique.
 25053 | D:13     | Found a gate to the Vaults.
 25061 | D:13     | Reached skill level 10 in Dodging
 26268 | D:14     | Reached XP level 16. HP: 78/93 MP: 23/23
 26372 | D:14     | Identified the +5 dagger "Yfyc" {speed, rC+ Str-5 Dex+2}
 26387 | D:14     | Found a white marble altar of Elyvilon.
 26672 | D:15     | Entered Level 15 of the Dungeon
 26726 | D:15     | Reached skill level 10 in Invocations
 26904 | D:15     | Reached skill level 10 in Evocations
 26915 | D:15     | Reached skill level 5 in Ranged Weapons
 27479 | D:15     | Found a staircase to the Depths.
 27805 | Orc:1    | Entered Level 1 of the Orcish Mines
 28016 | Orc:2    | Entered Level 2 of the Orcish Mines
 28348 | Orc:2    | Found a staircase to the Elven Halls.
 28372 | Orc:2    | Noticed Erolcha
 28702 | Orc:2    | Found Nywn's Magic Scroll Boutique.
 28711 | Orc:2    | Killed Erolcha
 28724 | Orc:2    | Bought a scroll of blinking for 97 gold pieces
 28724 | Orc:2    | Bought a scroll of teleportation for 39 gold pieces
 28724 | Orc:2    | Bought a scroll of teleportation for 39 gold pieces
 28724 | Orc:2    | Bought a scroll of immolation for 45 gold pieces
 29074 | Orc:2    | Found Zozaph's Antique Weapon Shop.
 29180 | Orc:2    | Found Pastis's Antique Armour Boutique.
 29357 | Orc:2    | Found Bemibuo's Book Shop.
 29410 | Orc:2    | Found Doahaun's Antique Armour Emporium.
 29419 | Orc:2    | Bought a pair of distressingly furry boots for 142 gold
                  | pieces
 29419 | Orc:2    | Identified the -1 pair of boots of Ignis's Anger {rN+} (You
                  | bought it in a shop on level 2 of the Orcish Mines)
 30212 | Snake:1  | Entered Level 1 of the Snake Pit
 31126 | Snake:1  | Reached XP level 17. HP: 97/99 MP: 24/24
 31596 | Snake:2  | Found Zopourghi's Weapon Emporium.
 31726 | Snake:2  | Noticed Asterion
 31834 | Snake:2  | Reached skill level 18 in Polearms
 32744 | Snake:2  | Noticed Aizul
 32764 | Snake:2  | Killed Aizul
 33033 | Snake:2  | Noticed an Executioner
 33038 | Snake:2  | Killed Asterion
 33362 | Snake:2  | Found Sep Muh's Jewellery Boutique.
 33383 | Snake:2  | Found Filuaj's Antique Weapon Emporium.
 33391 | Snake:2  | Bought a bloodstained arbalest for 294 gold pieces
 33391 | Snake:2  | Identified the +6 arbalest of Plague {venom, rCorr} (You
                  | bought it in a shop on level 2 of the Snake Pit)
 33787 | Snake:2  | Noticed Nikola
 33796 | Snake:2  | Killed Nikola
 35323 | Snake:3  | Reached skill level 10 in Ranged Weapons
 35349 | Snake:3  | Found Oplir's Magic Scroll Boutique.
 35353 | Snake:3  | Found Pipnaun's Antique Weapon Boutique.
 35781 | Snake:4  | Entered Level 4 of the Snake Pit
 35866 | Snake:4  | Found Vuchimuxt's Jewellery Shoppe.
 35866 | Snake:4  | Found Seqol's Book Boutique.
 35867 | Snake:4  | Found Xuske Cag's Book Boutique.
 35874 | Snake:4  | Bought the ring of Life {rF+ rN+ Will+ rCorr MP+9} for 938
                  | gold pieces
 35913 | Snake:4  | Found a frozen archway.
 35943 | IceCv    | Entered an ice cave
 36284 | IceCv    | Reached XP level 18. HP: 87/105 MP: 25/25
 37562 | IceCv    | Found a viscous altar of Jiyva.
 37583 | IceCv    | Got the Monograph on Hoarfrost
 37588 | IceCv    | Identified the ring "Asasuap" {MP+9 Int+5 Dex-4}
 37774 | Snake:4  | Reached skill level 15 in Fighting
 38265 | Snake:4  | Noticed Roxanne
 38282 | Snake:4  | Killed Roxanne
 38287 | Snake:4  | HP: 5/107 [naga sharpshooter/arrow (8)]
 39644 | Snake:4  | Got a serpentine rune of Zot
 39911 | Elf:1    | Entered Level 1 of the Elven Halls
 40482 | Elf:1    | Found Lyos's Distillery.
 40984 | Elf:1    | Got the Handbook of Congregated Battle Magic
 41166 | Elf:1    | Reached XP level 19. HP: 105/112 MP: 26/26
 41191 | Elf:1    | Noticed Azrael
 41202 | Elf:1    | Killed Azrael
 41695 | Elf:2    | Noticed Zenata
 41710 | Elf:2    | Killed Zenata
 41941 | Elf:2    | Noticed Saint Roka
 41955 | Elf:2    | Killed Saint Roka
 41958 | Elf:2    | Reached skill level 19 in Polearms
 43028 | Elf:2    | Found a runed translucent gate.
 43504 | Elf:2    | Found a runed translucent gate.
 43504 | Elf:2    | Found a runed translucent gate.
 45284 | Elf:3    | Entered Level 3 of the Elven Halls
 45368 | Elf:3    | Noticed a Hell Sentinel
 45369 | Elf:3    | Noticed a Tzitzimitl
 45371 | Elf:3    | HP: 5/114 [deep elf annihilator/crystal spear (53)]
 45372 | Elf:3    | HP: 1/114 [spore (5)]
 45851 | Elf:3    | Identified the +10 war axe "Ultimatum" {pain, rF- rC+ Will+
                  | rCorr}
 45876 | Elf:3    | Reached skill level 15 in Ranged Weapons
 45879 | Elf:3    | Identified the ring "Aschaocu" {rElec Str+6}
 46112 | Elf:3    | Noticed a Tzitzimitl
 46300 | Elf:3    | Reached XP level 20. HP: 105/119 MP: 27/27
 46400 | Elf:3    | Acquired the ring of Moral Flaws {rF+ rC++ rN+ Str+10
                  | Dex-5}
 46475 | Elf:3    | Identified the +0 great sword "Demonslayer" {vorpal, rF-
                  | rC+ rN+ rCorr}
 46481 | Elf:3    | Identified the +5 sling of Giymp {venom, *Corrode Str+2
                  | Int+4 Dex+3}
 46761 | Elf:3    | Found Loil's Elven Fire.
 47653 | Slime:1  | Entered Level 1 of the Pits of Slime
 47757 | Swamp:1  | Entered Level 1 of the Swamp
 47891 | Swamp:1  | Noticed Donald
 47910 | Swamp:1  | Killed Donald
 48170 | Swamp:1  | Found a runed translucent door.
 48173 | Swamp:1  | Noticed Ankualit's ghost (adept NaBe)
 50271 | Swamp:4  | Entered Level 4 of the Swamp
 50566 | Swamp:4  | Reached skill level 20 in Polearms
 51291 | Swamp:4  | Got a decaying rune of Zot
 51728 | Vaults:1 | Entered Level 1 of the Vaults
 52045 | Vaults:1 | Identified the +4 arbalest of the Empty Page {venom, rCorr
                  | Dex+3 SInv}
 52444 | Vaults:1 | Reached XP level 21. HP: 106/126 MP: 28/28
 56073 | Vaults:2 | Acquired 670 gold pieces
 56161 | Vaults:3 | Reached skill level 21 in Polearms
 56709 | Vaults:3 | Identified the +7 trident of Ylathr Gasch {vorpal, Dex+2}
 56729 | Vaults:3 | Reached XP level 22. HP: 73/135 MP: 27/29
 57070 | Vaults:3 | Noticed Margery
 57077 | Vaults:3 | Killed Margery
 57351 | Vaults:3 | Found Okid's Distillery.
 57356 | Vaults:3 | Bought a potion of heal wounds for 90 gold pieces
 57356 | Vaults:3 | Bought a potion of heal wounds for 90 gold pieces
 57356 | Vaults:3 | Bought a potion of haste for 180 gold pieces
 57356 | Vaults:3 | Bought a potion of might for 72 gold pieces
 57462 | Vaults:3 | Found a staircase to the Crypt.
 59845 | Vaults:4 | Noticed Frederick
 59857 | Vaults:4 | Killed Frederick
 60806 | Vaults:4 | Noticed a golden dragon
 60812 | Vaults:4 | Killed a golden dragon
 61175 | Vaults:5 | Entered Level 5 of the Vaults
 61175 | Vaults:5 | Noticed an ancient lich
 61180 | Vaults:5 | Reached XP level 23. HP: 110/140 MP: 31/31
 61181 | Vaults:5 | Killed an ancient lich
 61200 | Vaults:4 | Reached skill level 22 in Polearms
 61475 | Vaults:5 | Noticed an ancient lich
 61480 | Vaults:5 | Killed from afar by an ancient lich

Illustrated notes

Levels and vault maps discovered:
D:1:      lemuel_arrival_muddy, layout_basic, serial_forest,
          infiniplex_forest_clump_double, infiniplex_forest_straight_2,
          infiniplex_forest_clump_curved, infiniplex_forest_clump_tiny,
          st_stairs_5
D:2:      kennysheep_the_goblin_king, layout_basic,
          shapermc_ecumenical_altar_gd, uniq_terence, uniq_robin
D:3:      layout_basic, nicolae_vehumet_altar_sigil, lemuel_blue_sif_altar,
          mainiacjoe_overflow_24_doors, serial_shops,
          nicolae_shop_bloodbath_and_beyond, hangedman_decor_slide_cut
D:4:      layout_basic
D:5:      layout_loops_ring, general_overflow_altar, serial_shops, shop,
          grunt_ministairs_1, st_stairs_9, chequers_decorated_corner,
          minmay_misc_feat_secret_circle
D:6:      layout_loops_ring, trog_three_pillars_becter, minmay_temple_entry_hall
D:7:      layout_basic, good_gods_temple_1, enter_bailey_2,
          hellmonk_guarded_unrand_gyre_and_gimble
D:8:      layout_rooms, mainiacjoe_overflow_alcove_1, uniq_erica
D:9:      layout_basic, nicolae_ru_great_annihilating_truth,
          nicolae_yredelemnul_ghost_church, dpeg_oklobed_lair
D:10:     layout_loops_ring, nicolae_qazlal_scattered_showers,
          mainiacjoe_overflow_small_starburst, uniq_gastronok
D:11:     layout_cave_pools, uniq_urug, uniq_psyche, uniq_snorg, uniq_nergalle
D:12:     layout_grid_maze, serial_rivers, chequers_serial_rivers_small_b,
          chequers_serial_rivers_room_b, chequers_serial_rivers_small_3,
          chequers_serial_rivers_micro_a, uniq_jorgrun
D:13:     lemuel_troll_bridge, layout_irregular_city,
          grunt_vaults_entry_fortified, serial_shops, shop,
          nicolae_stop_n_shop_1, nicolae_shop_overgrown_old_shop,
          kennysheep_mini_moat, nicolae_square_shop, uniq_rupert
D:14:     layout_gridville, serial_undead, serial_undead_d, serial_undead_c,
          serial_undead_c, serial_undead_f, hangedman_decor_riveting,
          elyvilon_altar_4
D:15:     hangedman_depths_entry_civil_slaughter, layout_irregular_city,
          hangedman_decor_lopped, serial_bayou, serial_bayou_ford_a,
          serial_bayou_pond_c, serial_bayou_pond_a
Temple:   chequers_temple_sunken
Lair:1:   layout_misc_corridors
Lair:2:   layout_regular_city, skrybe_swamp_entry_bodies,
          guppyfry_snake_entry_island, chequers_serial_rivers_small_a,
          st_stairs_12, infiniplex_staircase_pool, lemuel_fruit_tree
Lair:3:   layout_loops_ring
Lair:4:   layout_cave_pods, hangedman_lair_unloving_vines,
          infiniplex_staircase_pool_2
Lair:5:   layout_loops_ring, lemuel_oklob_altar
Lair:6:   evilmike_catoblepas_cave, layout_regular_city, slime_entry_1
Swamp:1:  layout_basic_swamp, ebering_ghost_inner_flame,
          nicolae_swamp_bean_lake, uniq_donald
Swamp:2:  layout_basic_swamp, nicolae_swamp_dense_foliage, swamp_pool5
Swamp:3:  layout_basic_swamp, evilmike_swamp_ruin_house_2, swamp_pool2
Swamp:4:  swamp_alternative, layout_basic_swamp, swamp_pool3
Snake:1:  layout_onion, corexii_hall_statues_s, st_stairs_11
Snake:2:  layout_layer_cave, serial_shops, shop, nicolae_stop_n_shop_1,
          nicolae_shop_stone, st_stairs_3, nicolae_elevator_lobby_asterisk,
          uniq_aizul, uniq_nikola, uniq_asterion
Snake:3:  layout_misc_corridors, minmay_shop_star, serial_bayou_shore_a,
          grunt_megastairs_2
Snake:4:  snake_pit, layout_cave_town, portal_ice_cave_entry_ice_statue_two,
          minmay_shop_grove, uniq_roxanne
Slime:1:  layout_caves
Orc:1:    layout_caves
Orc:2:    grunt_orc_community_town_hall, layout_diamond_mine,
          grunt_orc_community_big_house_2, grunt_orc_community_big_house_2,
          grunt_orc_community_house_3, grunt_orc_community_house_3,
          grunt_orc_community_house_1, grunt_orc_community_house_3,
          grunt_orc_community_house_2, serial_shops,
          nicolae_shop_window_shopping, basic_altar, mines3_lemuel, uniq_erolcha
Elf:1:    eino_elf_arrival_shootout, layout_loops_corners, serial_shops,
          nicolae_shop_temple_entry_statues_fountains, minmay_elf_sorcery,
          uniq_azrael
Elf:2:    nicolae_elf_blades_splatter_lattice
          [nicolae_vaults_blade_armed_guards], layout_gridlike, uniq_zenata,
          uniq_saint_roka
Elf:3:    minmay_elf_hall_curves, layout_geoelf_grid, guppyfry_elf_lava
Vaults:1: v_misc_11, nicolae_vaults_statue_guard, nicolae_vaults_asterisk,
          vaults_mumra_chevron, nicolae_vaults_alarming,
          nicolae_vaults_little_squares_3, vaults_room_grid,
          ontoclasm_vaults_chip, nicolae_vaults_yaktaur_gun_rack,
          nicolae_vaults_little_squares_2, layout_vaults_omnigrid
Vaults:2: portal_desolation_entry_ruin, nicolae_vaults_triangles, v_rooms_2,
          ontoclasm_vaults_misaligned, nicolae_vaults_ring_of_whatevers,
          grunt_vaults_trifunnel, vaults_room_pools, v_misc_3,
          nicolae_vaults_diagonal_hallway_8, hangedman_vaults_river_flow,
          st_lattice, layout_vaults_omnicross
Vaults:3: minmay_crypt_entry_simple_round, v_alt_pattern_2,
          nicolae_vaults_inception_scallops, vaults_room_corners,
          ontoclasm_vaults_ring_large, ontoclasm_vaults_eye, v_misc_23,
          vaults_dpeg_ring, vaults_mumra_bighexcomb,
          vaults_room_grunt_arrival_checkpoint, nicolae_vaults_little_squares_6,
          vaults_standard_mumra_enter_the_diamond, ontoclasm_vaults_ring_small,
          v_rooms_4, grunt_vaults_focal, layout_vaults_ring, serial_shops, shop,
          uniq_margery
Vaults:4: hangedman_vaults_nodes, v_misc_17, dpeg_vaults_monster_row,
          nicolae_vaults_circle_grid_a, vaults_standard_mumra_x,
          vaults_room_grid, vaults_room_hallway, v_misc_32,
          hangedman_vaults_cutoff, vaults_mumra_hex, v_misc_17,
          nicolae_vaults_circle_grid_b, v_misc_14, nicolae_vaults_specimen_jars,
          special_room_vaults [special_room_orc], layout_vaults_maze_bifur,
          uniq_frederick
Vaults:5

Skill      XL: |  1  2  3  4  5  6  7  8  9 10 11 12 13 14 15 16 17 18 19 20 21 22 23 |
---------------+----------------------------------------------------------------------+-----
Polearms       | 3 4 5 7 8 9 10 12 14 16 17 18 19 20 21 22 | 22.1
Armour         | 1 2 3 4 5 6 7 8 9 10 11 | 11.9
Fighting       | 4 5 6 7 8 9 10 11 12 13 14 15 16 18 19 20 | 20.2
Dodging        | 3 4 5 6 7 8 9 10 11 12 13 | 13.0
Evocations     | 1 3 4 5 6 7 8 9 10 11 12 | 12.0
Invocations    | 3 5 6 8 9 10 11 | 11.9
Ranged Weapons | 4 7 10 12 15 17 18 | 18.7
Stealth        | |  2.1

Action                   |  1- 3 |  4- 6 |  7- 9 | 10-12 | 13-15 | 16-18 | 19-21 | 22-24 || total
-------------------------+-------+-------+-------+-------+-------+-------+-------+-------++-------
Melee: Spear             |    28 |       |       |       |       |       |       |       ||    28
       Dagger            |    92 |   139 |       |       |       |       |       |       ||   231
       Punch             |     2 |     3 |     2 |       |       |       |       |       ||     7
       Trident           |       |    64 |   233 |       |       |       |       |       ||   297
       Bardiche          |       |       |    62 |   490 |   877 |  1321 |   540 |    34 ||  3324
       Scimitar          |       |       |       |       |    16 |       |       |       ||    16
       Executioner's axe |       |       |       |       |       |       |    11 |       ||    11
 Fire: Arbalest          |       |       |       |       |       |       |   762 |   500 ||  1262
Throw: Dart              |       |     5 |       |     7 |       |       |       |       ||    12
       Javelin           |       |     1 |       |     2 |       |       |       |       ||     3
Invok: Recall Ancestor   |       |       |       |     3 |     1 |     2 |     2 |     2 ||    10
       Ancestor Life: Kn |       |       |       |     1 |       |       |       |       ||     1
       Ancestor Identity |       |       |       |     1 |       |       |       |       ||     1
       Idealise          |       |       |       |       |       |     2 |     1 |     1 ||     4
Evoke: Wand              |       |       |     9 |     4 |     3 |    13 |     3 |     7 ||    39
       Condenser vane    |       |       |       |       |       |     4 |     1 |     2 ||     7
  Use: Scroll            |       |    11 |     9 |    11 |     5 |     7 |     9 |    15 ||    67
       Potion            |       |       |       |     4 |     1 |     2 |     4 |     3 ||    14
 Stab: Distracted        |       |       |       |     5 |    14 |    27 |     9 |       ||    55
       Sleeping          |       |       |       |    10 |     9 |    25 |       |       ||    44
       Petrified         |       |       |       |       |     5 |       |       |       ||     5
       Invisible         |       |       |       |       |       |       |       |     1 ||     1
Armor: Robe              |     7 |       |       |       |       |       |       |       ||     7
       Scale mail        |    56 |    97 |   151 |     5 |       |       |       |       ||   309
       Ring mail         |       |       |       |   383 |   510 |   332 |       |       ||  1225
       Chain mail        |       |       |       |       |       |   271 |   623 |   137 ||  1031
       Gold dragon scale |       |       |       |       |       |       |       |    90 ||    90
Dodge: Dodged            |    59 |   110 |   177 |   677 |   767 |   923 |   481 |   167 ||  3361

Table legend: (Time is in decaauts)
 A = Elapsed time spent in this place.
 B = Non-inter-level travel time spent in this place.
 C = Inter-level travel time spent in this place.
 D = Time resting spent in this place.
 E = Time spent auto-exploring this place.
 F = Levels seen in this place.
 G = Mean time per level.
                   A        B        C        D        E       F      G
               +--------+--------+--------+--------+--------+-----+--------+
         Total |  64316 |  61192 |   3124 |  13033 |  35110 |  43 | 1495.7 |
       Dungeon |  19720 |  18464 |   1256 |   2555 |  12344 |  15 | 1314.7 |
        Temple |    254 |    231 |     23 |      0 |    205 |   1 |  254.0 |
          Lair |   9080 |   8263 |    817 |   1084 |   5327 |   6 | 1513.3 |
         Swamp |   4147 |   3933 |    214 |    288 |   3020 |   4 | 1036.8 |
     Snake Pit |   8144 |   7795 |    349 |   2768 |   2710 |   4 | 2036.0 |
    Slime Pits |      1 |      1 |      0 |      0 |      0 |   1 |    1.0 |
  Orcish Mines |   2476 |   2378 |     98 |    261 |   1634 |   2 | 1238.0 |
   Elven Halls |   7710 |   7521 |    189 |   2709 |   3193 |   3 | 2570.0 |
        Vaults |  10362 |  10189 |    173 |   1868 |   6444 |   5 | 2072.4 |
        Bailey |    666 |    666 |      0 |    338 |     40 |   1 |  666.0 |
      Ice Cave |   1751 |   1751 |      0 |   1162 |    189 |   1 | 1751.0 |
               +--------+--------+--------+--------+--------+-----+--------+

Top non-repeatable levels by time:
   Elf:2: 3982 daAuts
Vaults:3: 3057 daAuts
 Snake:2: 2930 daAuts
  Lair:6: 2663 daAuts
Vaults:2: 2607 daAuts
Vaults:4: 2573 daAuts
     D:7: 2322 daAuts
 Snake:4: 2244 daAuts
  Lair:5: 2123 daAuts
Vaults:1: 2067 daAuts
    D:13: 1938 daAuts
   Elf:1: 1878 daAuts
   Elf:3: 1849 daAuts
 Snake:1: 1797 daAuts
   IceCv: 1751 daAuts
